 Dungeon Crawl Stone Soup version 0.31-a0-640-g39d97e5 (webtiles) character file.

4679 Rogue the Insei (level 10, -3/53 (65) HPs)
             Began as an Octopode Shapeshifter on June 13, 2018.
             Was a Believer of Dithmenos.
             Slain by Joseph
             ... wielding a +1 quarterstaff of draining
              (4 damage)
             ... on level 8 of the Dungeon on Aug 27, 2023.
             The game lasted 01:58:06 (10859 turns).

Rogue the Insei (Octopode Shapeshifter)            Turns: 10859, Time: 01:58:08

HP:   -3/53 (65)    AC:  6    Str:  9    XL:     10   Next: 44%
MP:   25/27         EV: 15    Int: 19    God:    Dithmenos [**....]
Gold: 452           SH:  0    Dex: 16    Spells: 17/20 levels left

rFire   . .          .
                       - Unarmed
rCold   + . .        (no shield)
rNeg    . . .        (helmet currently unavailable)
rPois   .            (no amulet)
rElec   .            r - ring of protection from cold
rCorr   .            x - ring of magical power
SInv    +            D - +3 ring of intelligence
Will    .....        j - ring of see invisible
Stlth   +++++        (no ring)
HPRegen 0.28/turn    (no ring)
MPRegen 0.20/turn    (no ring)
                     (no ring)

%: no passive effects
@: ice-armoured, beast-form, wreathed by umbra, heavily drained
A: beast (slay +2), almost no armour, amphibious, 8 rings, camouflage 1,
gelatinous body 1, (nimble swimmer 1), tentacles
a: Begin Untransformation, Renounce Religion, Shadow Step


You were on level 8 of the Dungeon.
You worshipped Dithmenos.
Dithmenos was pleased with you.
You were a hulking beast.
You visited 2 branches of the dungeon, and saw 9 of its levels.

You collected 452 gold pieces.

Inventory:

Hand Weapons
 e - a +2 dagger of venom
 k - a +0 dagger of speed
 m - a +0 dagger of protection
 n - a +0 blowgun
 o - a -2 dagger
 G - a +3 morningstar
Missiles
 f - 155 stones
 i - 8 boomerangs
 w - 9 poisoned darts (quivered)
Jewellery
 j - a ring of see invisible (on tentacle)
 r - a ring of protection from cold (left tentacle)
 x - a ring of magical power (right tentacle)
 D - a +3 ring of intelligence (on tentacle)
Talismans
 H - a beast talisman (active)
 I - a flux talisman
Scrolls
 b - 4 scrolls of teleportation
 g - 3 scrolls of enchant armour
 l - a scroll of amnesia {unknown}
 t - a scroll of blinking {unknown}
 u - 2 scrolls of fear
 C - a scroll of enchant weapon {unknown}
Potions
 a - a potion of curing
 p - 4 potions of enlightenment
 q - a potion of attraction
 z - 2 potions of ambrosia
 B - a potion of brilliance
 F - a potion of magic


   Skills:
 * Level 4.7 Fighting
 + Level 3.6 Short Blades
 + Level 2.7 Throwing
 * Level 5.3 Dodging
 + Level 6.1 Stealth
 * Level 7.0 Unarmed Combat
 + Level 5.5 Spellcasting
 + Level 0.6 Conjurations
 * Level 5.5 Transmutations
 + Level 1.6 Ice Magic
 + Level 0.4 Poison Magic
 * Level 1.1 Invocations
 + Level 5.2 Evocations
 * Level 5.0 Shapeshifting


You had 17 spell levels left.
You knew the following spells:

 Your Spells              Type           Power      Damage    Failure   Level
d - Ozocubu's Armour      Ice            11%        N/A       19%         3

Your spell library contained the following spells:

 Spells                   Type           Power      Damage    Failure   Level
 Freeze                   Ice            44%        1d6       6%          1
 Hailstorm                Conj/Ice       9%         3d4       22%         3
 Summon Ice Beast         Ice/Summ       8%         N/A       63%         4


Dungeon Overview and Level Annotations

Branches:
Dungeon (8/15)             Temple (1/1) D:6            Lair (0/6) D:8

Altars:
Ashenzari
Cheibriados
Dithmenos
Elyvilon
Gozag
Hepliaklqana
Kikubaaqudgha
Makhleb
Nemelex Xobeh
Okawaru
Qazlal
Ru
Sif Muna
Trog
Uskayaw
Vehumet
Xom
Yredelemnul
Zin
The Shining One

Annotations:
D:8 Joseph


Innate Abilities, Weirdness & Mutations

You are a hulking beast.
Your limbs bulge with bestial killing power. (Slay +2)
You cannot wear most types of armour.
You are amphibious.
You can wear up to eight rings at the same time.
Your skin changes colour to match your surroundings (Stealth+).
Your rubbery body absorbs attacks. (AC +1, EV +1)
((You are camouflaged when in or above water. (Stealth+)))
You have tentacles for arms and can constrict up to eight enemies at once.


Message History

Joseph is moderately wounded.
You constrict Joseph, but do no damage. Joseph hits you but does no damage.
You feel drained.
You bludgeon Joseph!
Joseph is heavily wounded.
You constrict Joseph. You tentacle-slap Joseph. You squeeze Joseph.
Joseph is severely wounded.
You constrict Joseph. Joseph closely misses you.
You tentacle-slap Joseph. You squeeze Joseph!
Joseph is almost dead.
You constrict Joseph, but do no damage.
Joseph hits you with a +1 quarterstaff of draining!
You feel drained.
You are too injured to fight recklessly!
You are too injured to fight recklessly!
You tentacle-slap Joseph.
Joseph is almost dead.
You constrict Joseph. Joseph misses you.
You tentacle-slap Joseph but do no damage.
You squeeze Joseph.
Joseph is almost dead.
You constrict Joseph.
Joseph hits you with a +1 quarterstaff of draining!
You feel drained.
You tentacle-slap Joseph but do no damage.
Joseph is almost dead.
You constrict Joseph.
Joseph hits you with a +1 quarterstaff of draining!
* * * LOW HITPOINT WARNING * * *
You feel drained.
* * * LOW HITPOINT WARNING * * *
You tentacle-slap Joseph but do no damage.
You tentacle-slap Joseph. You squeeze Joseph, but do no damage.
Joseph is almost dead.
You constrict Joseph, but do no damage.
Joseph hits you with a +1 quarterstaff of draining!
* * * LOW HITPOINT WARNING * * *
You feel drained.
You die...

#...(.(..#.#. #........'.@y
#........# ###....)...#
#....#'###.# #....#†# #.# #
#..<.#.# #.# #.##....#'###.#
#..'....@h....#
####..........#
###########..........# ###
...[...)÷............# #.#
#############........#######.#
#.#####..........# #.#
#>########## #.# ### #.#


You could see Joseph.

Vanquished Creatures
  Grinder (D:5)
  2 ghosts (D:8)
  Eustachio (D:6)
  3 yaks
  An orc warrior (D:7)
  A sky beast (D:7)
  3 phantoms
  An ogre (D:6)
  2 centaurs
  A wyvern zombie (D:5)
  6 bullfrogs
  3 killer bees (D:8)
  2 wights (D:7)
  2 howler monkeys (D:6)
  5 crimson imps
  2 centaur zombies
  4 hounds
  7 orc wizards
  5 orc priests
  2 bullfrog skeletons
  A centaur skeleton (D:8)
  8 removed worker ants
  5 iguanas
  A killer bee zombie (D:8)
  3 hound zombies
  3 removed worker ant zombies
  15 adders
  A shadow imp (D:6)
  2 endoplasms
  2 adder skeletons
  5 worms
  5 dart slugs
  36 orcs
  3 removed leopard geckos
  4 giant cockroaches
  7 goblins
  8 hobgoblins
  10 jackals
  6 quokkas
  A ball python (D:5)
  12 bats
  5 frilled lizards
  9 kobolds
  A program bug skeleton (D:8)
  2 quokka skeletons
  2 quokka zombies (D:4)
  9 rats
  A removed leopard gecko skeleton (D:5)
  A removed leopard gecko zombie (D:4)
222 creatures vanquished.

Vanquished Creatures (collateral kills)
  A two-headed ogre (D:7)
  3 yaks (D:7)
  An ogre (D:7)
  A wight (D:7)
  2 orcs
8 creatures vanquished.

Grand Total: 230 creatures vanquished

Notes
Turn   | Place    | Note
-------+----------+-------------------------------------------
     0 | D:1      | Rogue the Octopode Transmuter began the quest for the Orb.
     0 | D:1      | Reached XP level 1. HP: 13/13 MP: 3/3
   317 | D:1      | Reached XP level 2. HP: 16/18 MP: 5/5
   691 | D:1      | Reached XP level 3. HP: 12/23 MP: 6/6
  1071 | D:1      | Learned a level 7 spell: Spider Form
  1267 | D:2      | Reached skill level 1 in Stealth
  1376 | D:2      | Found a faded altar of an unknown god.
  1446 | D:2      | Reached XP level 4. HP: 26/28 MP: 7/7
  1640 | D:2      | Reached skill level 1 in Short Blades
  1892 | D:3      | Reached XP level 5. HP: 30/34 MP: 8/8
  2027 | D:3      | Found a shimmering altar of Xom.
  2121 | D:3      | Reached skill level 4 in Unarmed Combat
  2234 | D:3      | Reached XP level 6. HP: 30/39 MP: 7/9
  2599 | D:4      | Noticed a phantom
  2708 | D:4      | Reached skill level 1 in Evocations
  2986 | D:3      | Learned a level 7 spell: Sticks to Snakes
  3214 | D:4      | Reached XP level 7. HP: 40/45 MP: 10/10
  3831 | D:4      | Found a deep blue altar of Sif Muna.
  3903 | D:5      | Entered Level 5 of the Dungeon
  3912 | D:5      | Noticed Grinder
  3932 | D:5      | Killed Grinder
  4064 | D:5      | Reached skill level 1 in Throwing
  4064 | D:5      | Reached XP level 8. HP: 51/51 MP: 10/12
  4123 | D:5      | Reached skill level 5 in Unarmed Combat
  4992 | D:5      | HP: 2/52 [wyvern zombie (8)]
  5710 | D:6      | Found a staircase to the Ecumenical Temple.
  5746 | Temple   | Entered the Ecumenical Temple
  5846 | Temple   | Upgraded the game from 0.22-a0-469-gf26638a to
                  | 0.22-a0-475-g101988f
  5882 | Temple   | Became a worshipper of Dithmenos the Shadowed
  6668 | D:5      | Reached skill level 5 in Transmutations
  6668 | D:5      | Reached XP level 9. HP: 29/57 MP: 14/14
  7133 | D:6      | Noticed Eustachio
  7489 | D:6      | Killed Eustachio
  7557 | D:6      | Reached skill level 6 in Unarmed Combat
  7846 | D:7      | Noticed a two-headed ogre
  7869 | D:7      | Reached skill level 5 in Stealth
  8190 | D:7      | Learned a level 3 spell: Ozocubu's Armour
  8194 | D:7      | Learned a level 2 spell: Throw Frost
  8477 | D:7      | Reached * piety under Dithmenos
  9194 | D:7      | Killed a two-headed ogre
  9194 | D:7      | Reached skill level 5 in Dodging
  9194 | D:7      | Reached skill level 5 in Spellcasting
  9194 | D:7      | Reached XP level 10. HP: 57/65 MP: 17/17
  9264 | D:7      | Reached skill level 1 in Ice Magic
  9450 | D:7      | Reached skill level 5 in Evocations
  9766 | D:8      | Upgraded the game from 0.22-a0-475-g101988f to
                  | 0.22-a0-605-g9281fa2
  9766 | D:8      | Upgraded the game from 0.22-a0-605-g9281fa2 to
                  | 0.23-a0-180-ga5275e7
  9766 | D:8      | Upgraded the game from 0.23-a0-180-ga5275e7 to
                  | 0.23-a0-316-g6773f7a
  9766 | D:8      | Upgraded the game from 0.23-a0-316-g6773f7a to
                  | 0.23-a0-321-g6bcb69f
  9774 | D:8      | Upgraded the game from 0.23-a0-321-g6bcb69f to
                  | 0.23-a0-325-g792c6d1
  9814 | D:8      | Upgraded the game from 0.23-a0-325-g792c6d1 to
                  | 0.26-a0-1205-g4083c21
  9814 | D:8      | Upgraded the game from 0.26-a0-1205-g4083c21 to
                  | 0.31-a0-638-g26219f7
  9814 | D:8      | Upgraded the game from 0.31-a0-638-g26219f7 to
                  | 0.31-a0-640-g39d97e5
 10210 | D:8      | Reached ** piety under Dithmenos
 10290 | D:8      | Found a bloodstained altar of Trog.
 10546 | D:8      | Reached skill level 1 in Invocations
 10552 | D:8      | Reached skill level 7 in Unarmed Combat
 10709 | D:8      | Found a staircase to the Lair.
 10762 | D:8      | Noticed Joseph
 10859 | D:8      | HP: 1/55 [Joseph/+1 quarterstaff of draining (9)]
 10859 | D:8      | Slain by Joseph

Illustrated notes

Levels and vault maps discovered:
D:1:      elethiomel_arrival_quiet, minmay_strange_pillars
D:2:      chequers_ecumenical_altar_island
D:3:      lemuel_crystal_altar, first_ration
D:4:      led_sif_pool, serial_undead, serial_undead_b, serial_undead_a,
          serial_undead_e, serial_undead_d
D:5:      uniq_grinder
D:6:      minmay_temple_entry_glassed_door, uniq_eustachio
D:8:      amethyst_overflow_temple_binary, lair_entry_dummy, basic_altar,
          uniq_joseph
Temple:   regret_index_temple_mists

Skill      XL: |  1  2  3  4  5  6  7  8  9 10 |
---------------+-------------------------------+-----
Stealth        | 1 2 3 4 6 |  6.1
Short Blades   | 1 2 3 |  3.6
Unarmed Combat | 4 5 6 7 |  7.0
Transmutations | 3 4 5 |  5.5
Fighting       | 2 3 4 |  4.7
Evocations     | 1 2 3 4 5 |  5.2
Spellcasting   | 3 5 |  5.5
Throwing       | 1 2 |  2.7
Dodging        | 4 5 |  5.3
Ice Magic      | 1 |  1.6
Invocations    | 1 |  1.1
Conjurations   | |  0.6
Poison Magic   | |  0.4
Shapeshifting  | |  5.0

Action                     |  1- 3 |  4- 6 |  7- 9 | 10-12 || total
---------------------------+-------+-------+-------+-------++-------
  Melee: Dagger            |    83 |   160 |   402 |    40 ||   685
         Pseudopods        |    19 |    38 |    85 |     7 ||   149
         Constrict         |    31 |    34 |    58 |    13 ||   136
         Unarmed           |     2 |     4 |    22 |    53 ||    81
         Kick              |     3 |    24 |    68 |     1 ||    96
         Touch             |     2 |     6 |    19 |       ||    27
         Tentacles         |       |       |       |    13 ||    13
         Punch             |       |       |       |     4 ||     4
   Fire: Blowgun           |       |     3 |       |     9 ||    12
  Throw: Stone             |     5 |       |    11 |     1 ||    17
         Boomerang         |       |     5 |    42 |    15 ||    62
         Dart              |       |       |       |    35 ||    35
   Cast: Beastly Appendage |     5 |    18 |    26 |     2 ||    51
         Sticks to Snakes  |       |     2 |    35 |    14 ||    51
         Spider Form       |       |     1 |     4 |       ||     5
         Throw Frost       |       |       |    17 |    11 ||    28
         Ozocubu's Armour  |       |       |     3 |     4 ||     7
  Evoke: Wand              |       |       |    13 |     4 ||    17
    Use: Scroll            |       |     1 |     9 |     2 ||    12
         Potion            |       |       |     9 |       ||     9
   Stab: Sleeping          |    11 |    15 |    21 |     3 ||    50
         Paralysed         |       |       |     4 |       ||     4
         Distracted        |       |       |     3 |     1 ||     4
    Eat: Removed food      |     2 |     5 |    19 |     2 ||    28
         Removed food      |       |       |     1 |       ||     1
 Armour: Skin              |    12 |    24 |    75 |     7 ||   118
  Dodge: Dodged            |    45 |   103 |   236 |    59 ||   443
   Form: Beast             |       |       |       |     1 ||     1

Table legend: (Time is in decaauts)
 A = Elapsed time spent in this place.
 B = Non-inter-level travel time spent in this place.
 C = Inter-level travel time spent in this place.
 D = Time resting spent in this place.
 E = Time spent auto-exploring this place.
 F = Levels seen in this place.
 G = Mean time per level.
                   A        B        C        D        E       F      G
               +--------+--------+--------+--------+--------+-----+--------+
         Total |  10752 |  10216 |    536 |   2987 |   4342 |   9 | 1194.7 |
       Dungeon |  10595 |  10112 |    483 |   2987 |   4244 |   8 | 1324.4 |
        Temple |    156 |    103 |     53 |      0 |     98 |   1 |  156.0 |
               +--------+--------+--------+--------+--------+-----+--------+

Top non-repeatable levels by time:
     D:8: 1031 daAuts
Note: time per level data comes from an upgraded game and may be incomplete.
